Cogmind - Beta 14 @@@ ROGUE MODE // 2024.11.09 @ 02:48:46 Player: Fangrelle Result: Destroyed by D-53 Grenadier with Mini Grenade Launcher Performance ------------- Evolutions (0) 0 Regions Visited (2) 400 Robots Destroyed (30) 150 Value Destroyed (802) 802 Prototype IDs (0) 0 Alien Tech Used (0) 0 Bonus (0) 0 TOTAL SCORE: 1352 Bonus ------- None Cogmind --------- Core Integrity 0/250 Matter 250/300 Energy 71/100 System Corruption 2% Temperature Cool (0) Movement Core (400) Ox7 Location -10/Mines Parts ------- > --- POWER (1) -------- (None) > --- PROPULSION (2) --- (None) > --- UTILITY (2) ------ Large Storage Unit Targeting Computer > --- WEAPON (2) ------- Grenade Launcher > --- INVENTORY (15) --- Compact Wheel Compact Wheel Large Matter Pod (136) Compact Matter Pod (150) Targeting Computer Targeting Computer Tractor Beam Datajack Datajack Peak State ------------ > --- POWER ------------ Light Ion Engine > --- PROPULSION ------- Light Treads Light Treads > --- UTILITY ---------- Large Storage Unit Light Armor Plating > --- WEAPON ----------- Assault Rifle Assault Rifle > --- INVENTORY -------- Compact Wheel Compact Wheel Targeting Computer Targeting Computer Targeting Computer Tractor Beam Assault Rifle Assault Rifle Grenade Launcher Datajack [Rating: 8] Favorites ----------- Power Ion Engine Engine Ion Engine Propulsion Light Treads Treads Light Treads Utility Large Storage Unit Storage Large Storage Unit Processor Targeting Computer Protection Light Armor Plating Weapon Assault Rifle Ballistic Gun Assault Rifle Launcher Grenade Launcher Special Melee Weapon Datajack Build | -11 -10 -10 ------- Run | Yrd Mat Min Slots Evolved . | . . . Power . | . . . Propulsion . | . . . Utility . | . . . Weapon . | . . . Parts Attached 22 | 6 12 4 Power 3 | 1 2 . Engine 3 | 1 2 . Core . | . . . Reactor . | . . . Propulsion 2 | 2 . . Treads 2 | 2 . . Leg . | . . . Wheel . | . . . Hover . | . . . Flight . | . . . Utility 6 | 1 4 1 Device . | . . . Storage 2 | 1 1 . Processor 1 | . . 1 Hackware . | . . . Protection 3 | . 3 . Artifact . | . . . Weapon 11 | 2 6 3 Energy Gun . | . . . Energy Cannon . | . . . Ballistic Gun 8 | 2 4 2 Ballistic Cannon . | . . . Launcher 2 | . 1 1 Special Weapon . | . . . Impact Weapon . | . . . Slashing Weapon . | . . . Piercing Weapon . | . . . Special Melee Weapon 1 | . 1 . Unidentified Prototypes . | . . . Parts Lost 13 | . 5 8 Power 3 | . 2 1 Propulsion 2 | . . 2 Utility 2 | . 1 1 Weapon 6 | . 2 4 Highest Loss Streak 8 | . 2 8 To Critical Strikes . | . . . Average Slot Usage (%) 94 | . 94 95 Engine 12 | . 12 13 Treads 27 | . 28 26 Storage 14 | . 14 14 Protection 12 | . 11 13 Ballistic Gun 26 | . 26 27 Peak Build Rating 8 | 6 8 8 Average Rating 7 | 4 7 7 On Entrance 4 | . 6 8 Naked Turns . | . . . Heaviest Build 32 | 14 32 32 Greatest Support 40 | 40 40 40 Greatest Overweight (x) 1 | . . 1 Average Overweight (x) . | . . . Largest Inventory Capacity 15 | 8 15 15 Average Capacity 12 | 7 12 15 Most Carried 14 | 3 14 13 Average Carried 9 | 2 9 12 Final Capacity 15 | 8 15 15 Final Carried 12 | 3 12 9 Class Distribution -------------------- 100% | Mutant Dominant Class ---------------- Mutant | -10/Materials Mutant | -10/Mines Resources | -11 -10 -10 ----------- Run | Yrd Mat Min Matter Collected 1201 | 150 662 389 Remotely . | . . . Salvage Created 838 | . 752 86 Parts 55 | . 47 8 Haulers Intercepted . | . . . Recyclers Shooed . | . . . Parts Field Recycled . | . . . Retrieved Matter . | . . . Parts Self-Destructed . | . . . Prevented . | . . . Kills | -11 -10 -10 ------- Run | Yrd Mat Min Combat Hostiles Destroyed 21 | . 17 4 Guns 19 | . 15 4 AOE 2 | . 2 . Classes Destroyed 7 | . 4 3 Worker 2 | . . 2 Builder 2 | . 2 . Operator 2 | . 2 . Watcher 3 | . 3 . Swarmer 3 | . . 3 Grunt 17 | . 17 . Demolisher 1 | . . 1 Best Kill Streak 5 | . 5 3 Combat Bots Only 3 | . 2 3 Max Kills in Single Turn 3 | . 3 1 Gunslinging . | . . . Exploded 1 | . 1 . Melee . | . . . Uniques/NPCs Destroyed . | . . . Combat | -11 -10 -10 -------- Run | Yrd Mat Min Hostile Shots Fired 145 | . 124 21 Missed 42 | . 40 2 Damage Taken 1633 | . 1047 586 Core 265 | . 102 163 Absorbed by Shields . | . . . Redirected to Shielding 23 | . 23 . Core Remaining (%) 100 | 100 . . Volleys Fired 98 | . 88 10 Largest 2 | . 2 2 Hottest 50 | . 50 40 Shots Fired 183 | . 167 16 Gun 178 | . 163 15 Cannon . | . . . Launcher 5 | . 4 1 Special . | . . . Kinetic 178 | . 163 15 Thermal . | . . . Explosive 5 | . 4 1 Electromagnetic . | . . . Robot Hit Streak 8 | . 8 7 Robot Miss Streak 7 | . 7 2 Penetration Max . | . . . Secondary Targets 5 | . 4 1 Max Gunslinging Chain 1 | . 1 1 Shots Hit Robots 111 | . 101 10 Core Hits 49 | . 42 7 Critical Kills . | . . . Critical Parts Destroyed . | . . . Critical Strikes . | . . . Melee Attacks 1 | . 1 . Impact . | . . . Slashing . | . . . Piercing . | . . . Sneak Attacks 1 | . 1 . Combat Hostiles . | . . . Follow-up Attacks . | . . . Damage Inflicted 1705 | . 1541 164 Guns 1419 | . 1301 118 Cannons . | . . . Explosions 282 | . 236 46 Melee . | . . . Ramming 4 | . 4 . Kinetic 1419 | . 1301 118 Thermal . | . . . Explosive 282 | . 236 46 Electromagnetic . | . . . Impact . | . . . Slashing . | . . . Piercing . | . . . Highest Corruption 2 | . 2 2 Average Corruption 1 | . 1 2 Corruption Purged . | . . . Corruption Blocked . | . . . Effects 23 | . 18 5 Message Errors 4 | . 3 1 Matter Fused 9 | . 8 1 Heat Flow Errors 2 | . 2 . Energy Discharges 1 | . . 1 Data Loss (minor) 4 | . 2 2 Data Loss (major) 1 | . 1 . Misfires 2 | . 2 . Overload Shots . | . . . Overflow Damage . | . . . Projectiles . | . . . Explosions . | . . . Melee . | . . . Knockbacks . | . . . Impact . | . . . Kinetic . | . . . Secondary . | . . . Self-Inflicted Damage 20 | . 20 . Shots 1 | . 1 . Rammed 1 | . 1 . Targets Rammed 1 | . 1 . Kicked . | . . . Crushed . | . . . Highest Temperature 204 | . 204 . Average Temperature 62 | . 62 . Received Heat Transfer 576 | . 576 . Siege Activations . | . . . Robots Corrupted . | . . . Combat Hostiles . | . . . Parts Fried . | . . . Impact Corruptions . | . . . Robots Melted . | . . . Combat Hostiles . | . . . Parts Melted . | . . . Heat Transferred . | . . . Parts Sabotaged . | . . . Parts Stolen . | . . . Parts Stripped . | . . . Power Chain Reactions . | . . . Alert | -11 -10 -10 ------- Run | Yrd Mat Min Peak Influence 193 | . 193 95 Initial 25 | . . 25 Average 81 | . 85 73 Maximum Alert Level . | . . . Low Security (%) 100 | 100 100 100 Level 1 . | . . . Level 2 . | . . . Level 3 . | . . . Level 4 . | . . . Level 5 . | . . . High Security . | . . . Max Security . | . . . Squads Dispatched 6 | . 6 . Investigation 4 | . 4 . Extermination . | . . . Reinforcement 2 | . 2 . Assault . | . . . Garrison . | . . . Intercept . | . . . Searches Triggered . | . . . Construction Impeded . | . . . Haulers Reinforced . | . . . Active Scanning Responses . | . . . Cargo Convoy Interrupts . | . . . Stealth | -11 -10 -10 --------- Run | Yrd Mat Min Distress Signals 2 | . 2 . Communications Jammed . | . . . Distress Signals . | . . . Times Spotted 29 | . 24 5 Peak Tracking Total 3 | . 3 3 Tactical Retreats . | . . . Traps | -11 -10 -10 ------- Run | Yrd Mat Min Traps Triggered 2 | . 2 . Indirectly . | . . . Trap Hack Attempts 9 | . 9 . Triggered . | . . . Disarmed 1 | . 1 . Reprogrammed . | . . . Reused . | . . . Traps Extracted . | . . . Installed . | . . . Triggered . | . . . Machines | -11 -10 -10 ---------- Run | Yrd Mat Min Machines Disabled 1 | . 1 . Max in Single Turn 1 | . 1 . Machines Repaired . | . . . Machines Dismantled . | . . . Machines Sabotaged . | . . . Overloaded Fab Kills . | . . . Hacking | -11 -10 -10 --------- Run | Yrd Mat Min Machines Accessed 8 | . 8 . Terminals 6 | . 6 . Fabricators . | . . . Repair Stations . | . . . Recycling Units 2 | . 2 . Scanalyzers . | . . . Garrison Access . | . . . Total Hacks 30 | . 30 . Successful 13 | . 13 . Failed 17 | . 17 . Catastrophic . | . . . Database Lockouts . | . . . Manual 24 | . 24 . Terminals 22 | . 22 . Fabricators . | . . . Repair Stations . | . . . Recycling Units 8 | . 8 . Scanalyzers . | . . . Garrison Access . | . . . Terminal Hacks 1 | . 1 . Terminal Index 1 | . 1 . Fabricator Hacks . | . . . Repair Station Hacks . | . . . Recycling Unit Hacks 2 | . 2 . Retrieve Components 2 | . 2 . Scanalyzer . | . . . Garrison Access Hacks . | . . . Unauthorized Hacks 10 | . 10 . Terminals 8 | . 8 . Assimilate 1 | . 1 . Botnet 4 | . 4 . Operators 2 | . 2 . Skim 1 | . 1 . Fabricators . | . . . Repair Stations . | . . . Recycling Units 2 | . 2 . Tunnel 2 | . 2 . Scanalyzers . | . . . Garrison Access . | . . . Data Cores Recovered . | . . . Used . | . . . Hacking Detections 8 | . 8 . Full Trace Events 3 | . 3 . Feedback Events 1 | . 1 . Corruption 1 | . 1 . Feedback Blocked . | . . . Robot Schematics Acquired . | . . . Robots Built . | . . . Authchips . | . . . Time . | . . . Total Robot Build Rating . | . . . Part Schematics Acquired . | . . . Parts Built . | . . . Authchips . | . . . Time . | . . . Total Part Build Rating . | . . . Parts Repaired . | . . . Time . | . . . Parts Recycled . | . . . Recycled Matter . | . . . Retrieved Matter . | . . . Retrieved Components 9 | . 9 . Parts Scanalyzed . | . . . Part Schematics Acquired . | . . . Parts Damaged . | . . . Bothacking | -11 -10 -10 ------------ Run | Yrd Mat Min Used RIF Installer . | . . . Robots Hacked 1 | . 1 . Non-combat 1 | . 1 . Combat . | . . . Robot Hacks Applied 1 | . 1 . find_recycling 1 | . 1 . Relay Couplers Released . | . . . Fabnet Peak Effective % . | . . . Robots Rewired . | . . . Allies Hacked . | . . . Hacks Repelled . | . . . Allies | -11 -10 -10 -------- Run | Yrd Mat Min Total Allies 5 | . . 5 Largest Group 5 | . . 5 Highest-Rated Group 82 | . . 82 Highest-Rated Ally 31 | . . 31 Total Orders . | . . . Ally Attacks 9 | . . 9 Total Damage 124 | . . 124 Kills . | . . . Allies Corrupted . | . . . Allies Melted . | . . . Intel | -11 -10 -10 ------- Run | Yrd Mat Min Robot Analysis Total . | . . . Derelict Logs Recovered 1 | . . 1 Drone Launches . | . . . Drone Recoveries . | . . . Exploration | -11 -10 -10 ------------- Run | Yrd Mat Min Turns Passed 2171 | 71 1796 304 Spaces Moved 868 | 41 664 163 Core 5 | 5 . . Treads 863 | 36 664 163 Legs . | . . . Wheels . | . . . Hover . | . . . Flight . | . . . Fastest Speed 50 | 50 160 160 Average Speed 159 | 146 160 160 Slowest Speed 240 | 160 160 240 Overloaded Moves . | . . . Propulsion Burnouts . | . . . Robots Hopped . | . . . Cave-ins Triggered . | . . . Exploration Rate (%) 45 | 4 93 40 Regions Visited 2 Branch Regions 1 Pre-discovered Areas 2 | . 2 . Known Exits Taken . | . . . Unknown Exits Taken 2 | 1 1 . Scrap Searched . | . . . Spaces Dug . | . . . Terrain Destroyed 10 | . 5 5 Melee . | . . . Projectile . | . . . AOE 10 | . 5 5 Terrain Rammed . | . . . Walls Destroyed . | . . . Machines Disabled . | . . . Actions | -11 -10 -10 --------- Run | Yrd Mat Min Total 1470 | 49 1230 191 Wait 452 | . 441 11 Move 866 | 40 663 163 Hop . | . . . Pick Up 17 | 3 12 2 Fast Attach 9 | 6 3 . Attach 9 | . 5 4 Detach 1 | . 1 . Swap 4 | . 4 . Drop 3 | . 2 1 Fire 98 | . 88 10 Melee 1 | . 1 . Ram . | . . . Kick . | . . . Crush 1 | . 1 . Escape Stasis . | . . . Rewire . | . . . Trap 9 | . 9 . Miscellaneous . | . . . Route ------- -11/Scrapyard -10/Materials (discovered 4 exits: [*Mat x3] / [*Min]) -10/Mines (discovered 1 exit: [*Mat]) History --------- Turn | Location | Event 4 | -11/Scrapyard | Discovered new exit (range 15) 72 | -11/Scrapyard | Entered Materials 301 | -10/Materials | Build established: Mutant 571 | -10/Materials | Discovered new exit (range 16) 893 | -10/Materials | Discovered new exit (range 16) 1142 | -10/Materials | Discovered new exit (range 10) 1416 | -10/Materials | Discovered new exit (range 16) 1868 | -10/Materials | Entered Mines 1951 | -10/Mines | Learned 4 Materials zone layouts 2007 | -10/Mines | Discovered new exit (range 5) 2097 | -10/Mines | Assisted by bots powering up and referring to "LRC-V3" 2151 | -10/Mines | Assembled infested the area 2156 | -10/Mines | Assisted by a Guerilla fighting off Assembled 2160 | -10/Mines | Core integrity fell below 50% 2165 | -10/Mines | Core integrity fell below 20% 2172 | -10/Mines | Destroyed by D-53 Grenadier with Mini Grenade Launcher Last Messages --------------- 02157_ Ion Engine destroyed. 02157_ EI-GYM(h) destroyed. 02159_ K-01 Serf destroyed. 02162_ The unstable cave ceiling collapses. 02162_ K-01 Serf collects debris. 02164_ The unstable cave ceiling collapses. 02164_ 8A-IU2(z) destroyed. 02165_ The unstable cave ceiling collapses. 02165_ D-53 Grenadier destroyed. 02165_ Switching to secondary target: D-53 Grenadier. 02166_ The unstable cave ceiling collapses. 02166_ Assault Rifle destroyed. 02167_ The unstable cave ceiling collapses. 02167_ K-01 Serf collects debris. 02168_ Assault Rifle destroyed. 02169_ The unstable cave ceiling collapses. 02169_ K-01 Serf collects debris. 02170_ The unstable cave ceiling collapses. 02170_ Assault Rifle destroyed. 02172_ K-01 Serf destroyed. Map ----- +----------------------------------------------------+ | #### #??????????????#???### ###?? | | # #?????????????????## ##? | | # ##?????????????????# #? | | # ##??????????????????# #? | | ### ##?????????????####?## ## | | ??# ##??????????### ##?## # | | ??# ##????????## #### | | ??# ##???????# | | ??## ## ######### | | ???# #### ##### # | | ???# #??# #????# # | | ???# #??## ######### #????# ### | | ???# #???####?????## #????# #?? | | ???# #????????????# ##????# #?? | | ???# #???????????## ###?##### ### | | ???# #?###??????## ##???# | | ???# ### ##????## #####?# | | ???# ## ###### ### ### #### | | ???# ## ## ## < ## ##?# | | ???# ## ## #### | | ???# ## ### #?## | | ???# ## ##?# | | ???# g % #?# | | ???##### %d #?# | | ???????# * ### | | ???????# @ # #?### """ | | ???????# ###?????## """ | | ???????# #????????## """ | | ???????# # #??????????# # | | ???????### # ## ?????????? ##### | | ?????????# #######?#????????? #???? | | ?????????# #????????????????? #???? | | ?????????# #????????????????? #???? | | ?????????# #????????????????? #???? | | ?????????a #?????????????????? #???? | | ?????????####?????????????????? #???? | | ????????????????????????????????#???? | | ????????????????????????????????????? | | ????????????????????????????????????? | | ????????????????????????????????????? | | ????????????????????????????????????? | | ????????????????????????????????????? | | ????????????????????????????????????? | | ????????????????????????????????????? | | ????????????????????????????????????? | | ????????????????????????????????????? | | ????????????????????????????????????? | | ????????????????????????????????????? | | ????????????????????????????????????? | | ????????????????????????????????????? | +----------------------------------------------------+ Best States ------------- Heat Dissipation 25 Energy Generation 10 Energy Capacity 250 Matter Stores 300 Matter Capacity 300 Sight Range 16 Terrain Scan Density 10 Armor Coverage 150 Propulsion Shielding 33 Evasion (%) 40 Targeting Accuracy 5 Recoil Reduction 2 Item Schematics ----------------- None Robot Schematics ------------------ None Fabricated ------------ Nothing Alien Tech Used ----------------- None Achievements -------------- None Challenges ------------ None Game ------ Seed DiametricPhasingProtomatter Manual? 0 Play Time 00:13:34 Cumulative 24.9 hours Start 2024.11.09 @ 02:34:47 End 2024.11.09 @ 02:48:46 Sessions 1 Manual Loads 0 Difficulty Rogue Special Mode None Game No. 50 Rogue 50 Adventurer 0 Explorer 0 Win Type - Total 0 Types 0/0/0/0/0/0/0/0/0 Lore% 21 Gallery% 24 Achievement% 28 Wizard Run 0 Options --------- Layout 0 ASCII 0 Keyboard 0 Movement Mouse Keybinds 0 Fullscreen 1 Font 24/Smallcaps Map View 91x25 Zoom Use 72% Tactical HUD 1 Map Filters NONE Filters NONE Steam 1 RUN: bcad9624-8769-4c7f-8338-a4542d91aea7